 Dungeon Crawl Stone Soup version 0.18.1-50-g88ac8fd (webtiles) character file.

68688 lorenzova the Eclecticist (level 14, -3/68 HPs)
             Began as a Deep Elf Conjurer on Oct 24, 2016.
             Was the Champion of Sif Muna.
             Splashed with acid (18 damage)
             ... on level 8 of the Lair of Beasts.
             The game lasted 01:27:09 (27184 turns).

lorenzova the Eclecticist (Deep Elf Conjurer)      Turns: 27184, Time: 01:27:09

Health: -3/68      AC: 14    Str:  5    XL:     14   Next: 87%
Magic:  0/62       EV: 12    Int: 33    God:    Sif Muna [******]
Gold:   1278       SH:  0    Dex: 15    Spells: 13 memorised, 3 levels left

rFire  . . .     SeeInvis .     w - 3 potions of mutation {unknown}
rCold  . . .     Gourm    .     G - +4 moon troll leather armour {Spirit, Regen++ MP+5}
rNeg   . . .     Faith    .     (no shield)
rPois  .         Spirit   +     K - +3 hat of Pondering {ponderous, MR+ MP+10 Int+5}
rElec  .         Dismiss  .     k - +2 cloak
rCorr  .         Reflect  .     (no gloves)
SustAt .         Harm     .     (no boots)
MR     ++...                    (no amulet)
Stlth  ++........               O - ring of magical power
                                B - +2 ring of intelligence

@: lethally poisoned (-3 -> -3), swift, repel missiles, quick, very resistant to
hostile enchantments, unstealthy
A: no striking features
a: Channel Energy, Forget Spell, Renounce Religion


You were on level 8 of the Lair of Beasts.
You worshipped Sif Muna.
Sif Muna was exalted by your worship.
You were hungry.

You visited 3 branches of the dungeon, and saw 21 of its levels.
You also visited: Volcano.

You collected 1608 gold pieces.
You spent 330 gold pieces at shops.

Inventory:

Hand Weapons
 f - the +7 scythe "Leviticus" {holy, rF+ Str+2 Stlth+}
   (You found it on level 5 of the Lair of Beasts)

   It has been blessed by the Shining One to cause great damage to the undead
   and demons.
   It affects your strength (+2).
   It protects you from fire.
   It makes you more stealthy.
Armour
 k - a +2 cloak (worn)
 F - a +2 robe of fire resistance
 G - the +4 moon troll leather armour (worn) {Spirit, Regen++ MP+5}
   (You found it on level 6 of the Dungeon)

   It affects your magic capacity (+5).
   It increases your rate of regeneration.
 K - the +3 hat of Pondering (worn) {ponderous, MR+ MP+10 Int+5}
   (You took it off Gastronok on level 8 of the Dungeon)

   It affects your intelligence (+5).
   It affects your resistance to hostile enchantments.
   It affects your magic capacity (+10).
Magical Staves
 y - an uncursed staff of air
Jewellery
 B - a +2 ring of intelligence (left hand)
 I - an uncursed ring of poison resistance
 O - a ring of magical power (right hand)
 T - an uncursed amulet of faith {unknown}
 X - an uncursed amulet of dismissal {unknown}
Wands
 a - a wand of confusion (44/48)
 x - a wand of disintegration (10/24)
Scrolls
 d - 3 scrolls of enchant weapon {unknown}
 h - 2 scrolls of enchant armour {unknown}
 l - 8 scrolls of remove curse
 m - 4 scrolls of identify {unknown}
 p - 4 scrolls of amnesia {unknown}
 q - 2 scrolls of fog {unknown}
 r - 3 scrolls of blinking {unknown}
 s - 3 scrolls of random uselessness {unknown}
 t - 7 scrolls of teleportation {unknown}
 v - 3 scrolls of recharging {unknown}
 z - a scroll of summoning {unknown}
 H - 3 scrolls of brand weapon {unknown}
 L - 2 scrolls of magic mapping {unknown}
 P - 4 scrolls of immolation {unknown}
 Q - a scroll of holy word {unknown}
 U - a scroll of fear {unknown}
Potions
 e - 6 potions of heal wounds {unknown}
 g - a potion of magic {unknown}
 i - 4 potions of degeneration {unknown}
 j - 3 potions of lignification {unknown}
 n - 13 potions of curing {unknown}
 o - 4 potions of flight {unknown}
 u - 2 potions of ambrosia {unknown}
 w - 3 potions of mutation (in hand) {unknown}
 A - a potion of cure mutation {unknown}
 C - 2 potions of resistance {unknown}
 D - a potion of agility {unknown}
 J - 3 potions of berserk rage {unknown}
 R - a potion of cancellation {unknown}
 V - 2 potions of might {unknown}
 Y - a potion of brilliance {unknown}
 Z - a potion of haste {unknown}
Books
 M - a book of Misfortune

   Spells                             Type                      Level
   a - Confusing Touch                Hexes                        2
   b - Confuse                        Hexes                        3
   c - Gell's Gravitas                Hexes/Translocation          3
   d - Petrify                        Transmutation/Earth          4
   e - Metabolic Englaciation         Hexes/Ice                    5
   f - Yara's Violent Unravelling     Hexes/Transmutation          5
 N - a Necronomicon

   Spells                             Type                      Level
   a - Haunt                          Necromancy/Summoning         7
   b - Borgnjor's Revivification      Necromancy                   8
   c - Death's Door                   Charms/Necromancy            8
   d - Necromutation                  Transmutation/Necromancy     8
 S - a book of Enchantments

   Spells                             Type                      Level
   a - Cause Fear                     Hexes                        4
   b - Yara's Violent Unravelling     Hexes/Transmutation          5
   c - Silence                        Hexes/Air                    5
   d - Deflect Missiles               Charms/Air                   6
   e - Haste                          Charms                       6
   f - Discord                        Hexes                        8
Miscellaneous
 b - a stone of tremors
Comestibles
 c - 15 bread rations
 E - 2 royal jellies
 W - 10 fruits


   Skills:
 * Level 3.4 Armour
 - Level 2.4 Dodging
 - Level 2.4 Stealth
 + Level 18.4 Spellcasting
 + Level 16.3 Conjurations
 - Level 7.1 Hexes
 - Level 9.6 Charms
 + Level 3.5 Summonings
 + Level 6.9 Fire Magic
 + Level 7.7 Air Magic
 * Level 6.7 Invocations
 - Level 4.0 Evocations


You had 3 spell levels left.
You knew the following spells:

 Your Spells              Type           Power        Failure   Level  Hunger
a - Magic Dart            Conj           ####         0%          1    None
b - Iskenderun's Battles  Conj/Chrm      #######.     1%          5    None
c - Iskenderun's Mystic   Conj           #######.     1%          4    None
d - Dazzling Spray        Conj/Hex       ######       1%          3    None
e - Searing Ray           Conj           ######       0%          2    None
f - Fireball              Conj/Fire      #######...   1%          5    None
g - Swiftness             Chrm/Air       ######..     1%          2    None
h - Repel Missiles        Chrm/Air       ######       1%          2    None
i - Summon Butterflies    Summ           ######..     1%          1    None
l - Lightning Bolt        Conj/Air       #######...   1%          5    None
m - Bolt of Fire          Conj/Fire      #######...   2%          6    None
o - Orb of Destruction    Conj           #######...   1%          7    ###....
s - Static Discharge      Conj/Air       #######.     1%          3    None


Dungeon Overview and Level Annotations

Branches:
Dungeon (12/15)            Temple (1/1) D:7            Lair (8/8) D:8
  Swamp (0/4) Lair:3       Spider (0/4) Lair:3        Slime (0/6) Lair:8
    Orc (0/2) D:11

Altars:
Ashenzari
Cheibriados
Dithmenos
Elyvilon
Fedhas
Gozag
Kikubaaqudgha
Makhleb
Nemelex Xobeh
Okawaru
Pakellas
Qazlal
Ru
Sif Muna
Trog
Vehumet
Xom
Zin
The Shining One

Shops:
D:6 [   D:7 =


Message History

Aim: a wolf spider (clinging)
The orb of energy hits the wolf spider.
The wolf spider is heavily wounded.
The orb of energy explodes!
The mystic blast hits the black mamba.
The black mamba is almost dead.
You feel sick. The wolf spider hits you. The wolf spider closely misses you.
The blink frog blinks!
The blink frog hits you. The wolf spider misses you. x2
You feel sick.
The black mamba bites you but does no damage.
You feel sick.
You feel sick. The wolf spider hits you.
The wolf spider bites you but does no damage.
The blink frog barely misses you. The walls burn you!
The water moccasin bites the fungus!
The walls burn you!
* * * LOW HITPOINT WARNING * * *
You feel sick.
The wall burns the blink frog!
The blink frog barely misses you. The walls burn you!
You die... ##.P......##.#.........#### #.P...P..P####.........### #...#P.PP..# #......F....# ######....## ####........# ##.#.....## #..PPPPP## ##......#..#### #S.*PPPPP#

##......######.####S.PP..PP#
#.......#####...##F...P...P#
##....##.##...>.@.s...PP..##
#....#..........###..P.P.P#
#....#..........# #......##
##............### #.....##
###......##### ...P###
######## #####


You could see a wolf spider, a black mamba, a blink frog and a friendly
battlesphere.

Vanquished Creatures
  Rupert (Lair:7)
  Gastronok (D:8)
  The ghost of Monkfish the Unseen, a journeyman KoBe of Trog (Lair:5)
  Snorg (Lair:3)
  3 hydras
  Harold (Lair:1)
  Erica (D:11)
  The ghost of Mesmaeker13 the Thaumaturge, a novice DrWz of Sif Muna (D:10)
  6 death yaks
  Urug (D:11)
  Sonja (D:11)
  A sun demon (Volcano)
  2 unseen horrors (D:11)
  2 hill giants (D:10)
  2 lindwurms
  2 oklob plants (Lair:8)
  A wolf spider (Lair:2)
  3 ugly things (D:11)
  2 griffons
  3 toenail golems (Volcano)
  10 elephants
  Psyche (D:11)
  8 black mambas
  A torpor snail (Lair:8)
  2 centaur skeletons
  A gargoyle (D:12)
  13 spiny frogs
  6 rime drakes
  A kobold demonologist (D:11)
  11 komodo dragons
  A troll (D:10)
  A jumping spider (Lair:3)
  27 blink frogs
  2 polar bears
  A two-headed ogre (D:10)
  A shadow (D:11)
  The ghost of lorenzova the Conjurer, an amateur DECj (D:5)
  A vampire (D:11)
  A redback (Lair:3)
  6 wyverns
  47 yaks
  A basilisk (Lair:3)
  11 hippogriffs
  2 hungry ghosts
  A soldier ant (D:8)
  3 swamp worms (Lair:3)
  13 water moccasins
  12 porcupines
  2 hell hounds (Volcano)
  5 sky beasts
  4 orc warriors
  4 ice beasts
  6 black bears
  A phantom (D:5)
  An eye of draining (D:11)
  5 wasps
  4 centaurs
  7 ogres
  14 wolves
  19 crocodiles
  5 big kobolds
  2 gnoll sergeants
  15 giant frogs
  A water moccasin zombie (D:9)
  3 scorpions
  11 killer bees
  6 wights
  4 jellies
  A howler monkey (D:4)
  3 electric eels
  6 crimson imps
  2 centaur zombies
  A giant frog zombie (D:10)
  A quasit (D:10)
  6 hounds
  3 gnoll shamans
  10 orc priests
  13 orc wizards
  18 worker ants
  11 iguanas
  6 hell rats (Lair:4)
  13 sheep
  A hound zombie (D:11)
  2 hound skeletons
  A worker ant zombie (D:10)
  23 gnolls
  34 adders
  72 river rats
  2 shadow imps
  3 white imps (D:8)
  2 worker ant simulacra (D:8)
  3 ufetubi (D:8)
  3 oozes
  An adder skeleton (D:7)
  3 worms
  3 dart slugs
  3 adder simulacra (D:8)
  8 giant geckos
  51 orcs
  2 ball pythons
  6 bats
  6 giant cockroaches
  9 hobgoblins
  6 jackals
  26 kobolds
  5 quokkas
  3 giant gecko skeletons
  10 giant newts
  6 goblins
  6 rats
  A bush (Lair:8)
  7 fungi
  10 plants (Lair:8)
753 creatures vanquished.

Vanquished Creatures (others)
  A water moccasin (Lair:8)
  42 fungi
  36 plants
79 creatures vanquished.

Grand Total: 832 creatures vanquished

Notes
Turn   | Place    | Note
--------------------------------------------------------------
     0 | D:1      | lorenzova the Deep Elf Conjurer began the quest for the Orb.
     0 | D:1      | Reached XP level 1. HP: 10/10 MP: 6/6
   230 | D:1      | Reached XP level 2. HP: 15/15 MP: 0/8
   799 | D:2      | Reached skill level 5 in Conjurations
  1061 | D:2      | Reached skill level 4 in Spellcasting
  1061 | D:2      | Reached XP level 3. HP: 17/19 MP: 5/10
  1449 | D:2      | Reached XP level 4. HP: 24/24 MP: 10/12
  1455 | D:2      | Learned a level 4 spell: Iskenderun's Mystic Blast
  2317 | D:3      | Reached skill level 5 in Spellcasting
  2869 | D:3      | Learned a level 2 spell: Searing Ray
  2931 | D:3      | Learned a level 3 spell: Dazzling Spray
  3032 | D:3      | Reached XP level 5. HP: 28/28 MP: 11/14
  3638 | D:4      | Reached skill level 6 in Spellcasting
  3738 | D:4      | Reached XP level 6. HP: 32/32 MP: 12/17
  4576 | D:4      | Reached skill level 7 in Spellcasting
  4924 | D:5      | Entered Level 5 of the Dungeon
  4926 | D:5      | Reached XP level 7. HP: 36/36 MP: 13/19
  4980 | D:5      | Found a snail-covered altar of Cheibriados.
  5057 | D:5      | Noticed lorenzova's ghost (amateur DECj)
  5068 | D:5      | Killed lorenzova's ghost
  5068 | D:5      | Reached skill level 8 in Spellcasting
  6387 | D:6      | Reached skill level 9 in Spellcasting
  6387 | D:6      | Reached XP level 8. HP: 41/41 MP: 17/23
  6522 | D:6      | Found a glowing golden altar of the Shining One.
  6675 | D:6      | Found Wuqoyrgh's Antique Armour Shop.
  6699 | D:6      | Bought a dyed leather armour for 50 gold pieces
  7156 | D:6      | Reached skill level 10 in Spellcasting
  7277 | D:6      | Found a burning altar of Makhleb.
  7766 | D:7      | Found a staircase to the Ecumenical Temple.
  7798 | D:7      | Found Dapiev's Jewellery Emporium.
  7838 | D:7      | Reached skill level 10 in Conjurations
  8027 | D:7      | Reached skill level 11 in Spellcasting
  8032 | D:7      | Reached XP level 9. HP: 44/45 MP: 13/26
  8917 | D:7      | Reached skill level 12 in Spellcasting
  9176 | D:7      | Found a shadowy altar of Dithmenos.
  9189 | D:7      | Found an oddly glowing altar of Pakellas.
  9304 | D:7      | Found a sacrificial altar of Ru.
  9343 | D:7      | Found a shattered altar of Ashenzari.
  9375 | Temple   | Entered the Ecumenical Temple
  9428 | Temple   | Became a worshipper of Sif Muna the Loreminder
 10102 | D:8      | Found a staircase to the Lair.
 10176 | D:8      | Reached * piety under Sif Muna
 10312 | D:8      | Noticed Gastronok
 10522 | D:8      | Killed Gastronok
 10522 | D:8      | Reached ** piety under Sif Muna
 10522 | D:8      | Reached skill level 13 in Spellcasting
 10522 | D:8      | Reached XP level 10. HP: 50/50 MP: 5/29
 10665 | D:8      | Learned a level 5 spell: Iskenderun's Battlesphere
 10678 | D:8      | Found a stormy altar of Qazlal.
 10717 | D:8      | Found a blossoming altar of Fedhas.
 10732 | D:8      | Found a shimmering altar of Xom.
 10742 | D:8      | Reached skill level 14 in Spellcasting
 10748 | D:8      | Noticed an angel
 10925 | D:8      | Found a glowing silver altar of Zin.
 11174 | D:8      | Reached *** piety under Sif Muna
 11961 | D:7      | Bought an uncursed ring of magical power for 280 gold pieces
 12191 | D:9      | Found a sparkling altar of Nemelex Xobeh.
 12192 | D:9      | Found an opulent altar of Gozag.
 12212 | D:9      | Reached **** piety under Sif Muna
 12351 | D:9      | Reached XP level 11. HP: 54/54 MP: 31/31
 12368 | D:9      | Found a radiant altar of Vehumet.
 12644 | D:9      | Reached skill level 15 in Spellcasting
 12700 | D:9      | Found a shadowy altar of Dithmenos.
 12839 | D:10     | Entered Level 10 of the Dungeon
 12868 | D:10     | Noticed a hill giant
 12876 | D:10     | Killed a hill giant
 13036 | D:10     | Reached ***** piety under Sif Muna
 13133 | D:10     | Noticed Mesmaeker13's ghost (novice DrWz)
 13245 | Lair:1   | Entered Level 1 of the Lair of Beasts
 13480 | D:10     | Found an opulent altar of Gozag.
 13546 | D:10     | Noticed a hill giant
 13550 | D:10     | Killed a hill giant
 14036 | D:10     | You fall through a shaft for 2 floors!
 14050 | D:12     | Reached skill level 16 in Spellcasting
 14186 | D:12     | Learned a level 3 spell: Static Discharge
 14189 | D:12     | Learned a level 2 spell: Repel Missiles
 14192 | D:12     | Learned a level 2 spell: Swiftness
 14198 | D:12     | Learned a level 5 spell: Lightning Bolt
 14438 | D:10     | Killed Mesmaeker13's ghost
 14438 | D:10     | Reached skill level 1 in Hexes
 14438 | D:10     | Reached skill level 1 in Charms
 14438 | D:10     | Reached skill level 1 in Air Magic
 14786 | D:11     | Noticed Urug
 14799 | D:11     | Killed Urug
 14932 | D:11     | Noticed Sonja
 14935 | D:11     | Killed Sonja
 14935 | D:11     | Reached ****** piety under Sif Muna
 14935 | D:11     | Received a gift from Sif Muna
 14939 | D:11     | Identified Sif Muna's Handbook of Icy Conjuration (Sif Muna gifted it to you on level 11 of the Dungeon)
 15239 | D:11     | Killed an unseen horror
 15239 | D:11     | Reached XP level 12. HP: 51/59 MP: 34/34
 15294 | D:11     | Noticed Erica
 15301 | D:11     | Killed Erica
 15425 | D:11     | Noticed Psyche
 15425 | D:11     | Killed Psyche
 15432 | D:11     | Found a staircase to the Orcish Mines.
 15612 | D:11     | Reached skill level 5 in Charms
 16198 | D:11     | Reached skill level 15 in Conjurations
 16198 | D:11     | Reached skill level 5 in Hexes
 16434 | D:11     | Learned a level 5 spell: Fireball
 16797 | Lair:1   | Received a gift from Sif Muna
 16808 | Lair:1   | Identified Qeudisul's Disquisition on Confrontation (Sif Muna gifted it to you on level 1 of the Lair of Beasts)
 16817 | Lair:1   | Learned a level 7 spell: Orb of Destruction
 17153 | Lair:1   | Reached skill level 17 in Spellcasting
 17243 | Lair:1   | Noticed Harold
 17260 | Lair:1   | Reached skill level 1 in Fire Magic
 17262 | Lair:1   | Killed Harold
 17949 | Lair:2   | Reached skill level 5 in Air Magic
 18260 | Lair:2   | Reached XP level 13. HP: 63/63 MP: 36/36
 19207 | Lair:3   | Noticed Snorg
 19252 | Lair:3   | Killed Snorg
 19260 | Lair:3   | Received a gift from Sif Muna
 19283 | Lair:3   | Identified Sif Muna's Catalogue of Enchanting Transmigration (Sif Muna gifted it to you on level 3 of the Lair of Beasts)
 19972 | Lair:3   | Found a hole to the Spider Nest.
 20410 | Lair:3   | Found a staircase to the Swamp.
 20584 | Lair:3   | Identified a +0 rod of ignition (13/13) (You found it on level 3 of the Lair of Beasts)
 20908 | Lair:4   | Found a dark tunnel.
 20925 | Volcano  | Entered a volcano
 21115 | Volcano  | Reached skill level 5 in Fire Magic
 21624 | Lair:4   | Received a gift from Sif Muna
 21625 | Lair:4   | Identified Sif Muna's Incunabulum of Flamy Beguiling (Sif Muna gifted it to you on level 4 of the Lair of Beasts)
 21633 | Lair:4   | Learned a level 6 spell: Bolt of Fire
 21927 | Lair:5   | Reached skill level 1 in Evocations
 21929 | Lair:5   | Reached skill level 1 in Invocations
 22017 | Lair:5   | Got a polished scythe
 22018 | Lair:5   | Identified the +7 scythe "Leviticus" {holy, rF+ Str+2 Stlth+} (You found it on level 5 of the Lair of Beasts)
 22409 | Lair:5   | Noticed Monkfish's ghost (journeyman KoBe)
 22414 | Lair:5   | Killed Monkfish's ghost
 23449 | Lair:6   | Reached XP level 14. HP: 68/68 MP: 37/37
 23453 | Lair:6   | Reached skill level 18 in Spellcasting
 24305 | Lair:1   | Learned a level 1 spell: Summon Butterflies
 24557 | Lair:7   | Reached skill level 1 in Armour
 24927 | Lair:7   | Noticed Rupert
 24933 | Lair:7   | Killed Rupert
 24933 | Lair:7   | Reached skill level 1 in Summonings
 25153 | Lair:7   | Reached skill level 5 in Invocations
 25838 | Lair:8   | Entered Level 8 of the Lair of Beasts
 26459 | Lair:8   | Received a gift from Sif Muna
 27086 | Lair:8   | Found a staircase to the Slime Pits.
 27184 | Lair:8   | Splashed with acid

Skill      XL: |  1  2  3  4  5  6  7  8  9 10 11 12 13 14 |
---------------+-------------------------------------------+-----
Conjurations   | 5 6 7 8 10 12 13 14 15 16 | 16.3
Spellcasting   | 4 5 6 7 9 11 13 14 16 17 18 | 18.4
Hexes          | 3 6 7 |  7.1
Charms         | 4 7 9 |  9.6
Air Magic      | 2 5 6 7 |  7.7
Fire Magic     | 2 5 6 |  6.9
Evocations     | 3 4 |  4.0
Invocations    | 3 6 |  6.7
Armour         | 3 |  3.4
Summonings     | 3 |  3.5
Dodging        | |  2.4
Stealth        | |  2.4

Action                   |  1- 3 |  4- 6 |  7- 9 | 10-12 | 13-15 || total
-------------------------+-------+-------+-------+-------+-------++-------
Melee: Short sword       |     1 |    22 |     5 |     2 |     5 ||    35
 Cast: Magic Dart        |    73 |   152 |   265 |   328 |   365 ||  1183
       Iskenderun's Myst |       |     3 |    54 |    68 |   104 ||   229
       Searing Ray       |       |     4 |    19 |    10 |       ||    33
       Iskenderun's Batt |       |       |       |    89 |    95 ||   184
       Lightning Bolt    |       |       |       |     7 |    18 ||    25
       Swiftness         |       |       |       |     2 |     7 ||     9
       Repel Missiles    |       |       |       |     1 |       ||     1
       Static Discharge  |       |       |       |     5 |    14 ||    19
       Fireball          |       |       |       |     1 |    24 ||    25
       Orb of Destructio |       |       |       |       |     8 ||     8
  Use: Scroll            |       |       |     1 |       |     1 ||     2
 Stab: Sleeping          |       |     1 |       |       |       ||     1
  Eat: Chunk             |     1 |     7 |    18 |    20 |    24 ||    70
       Fruit             |       |     3 |       |       |       ||     3
       Beef jerky        |       |       |     1 |       |     2 ||     3
       Royal jelly       |       |       |     1 |       |     1 ||     2
       Bread ration      |       |       |       |     1 |       ||     1
Armor: Robe              |     5 |    16 |     1 |       |       ||    22
       Troll leather arm |       |       |    35 |    45 |    31 ||   111
Dodge: Dodged            |     9 |    48 |    74 |    64 |    63 ||   258
